 Dungeon Crawl Stone Soup version 0.30-a0-639-g3916f1956a (webtiles) character file.

Game seed: 6456679514044529012

84816 wormed the Protected (level 15, 0/195 (208) HPs)
             Began as an Armataur Chaos Knight on Jan 17, 2023.
             Was a Plaything of Xom.
             Slain by an orc knight
             ... wielding a +0 battleaxe
              (6 damage)
             ... on level 2 of the Orcish Mines.
             The game lasted 01:21:06 (23265 turns).

wormed the Protected (Armataur Chaos Knight)       Turns: 23265, Time: 01:21:07

HP:   0/195 (208)   AC:  2    Str: 22      XL:     15   Next: 36%
MP:   15/15         EV:  5    Int: 13 (14) God:    Xom [......]
Gold: 1519          SH:  5    Dex:  4 (7)  Spells: 14/14 levels left

rFire   + + .      SeeInvis .    k - +9 hand axe of the Wizarding Gods {freeze, *Rage rC+ Int+2}
rCold   + + +      Faith    .    X - +0 buckler {rF+}
rNeg    . . .      Spirit   .    Q - +8 chain mail of the Armadillo {rC+ Regen+ Int+4 Dex-5}
rPois   .          Reflect  .    Z - +1 hat "Piapt" {Harm Regen+ rCorr Int-5}
rElec   .          Harm     +    n - +1 cloak
rCorr   +          Roll     +    U - +1 pair of gloves
Will    +....      Rage     23%  o - +2 barding {rC+} Stlth
                                 A - amulet of regeneration
HPRegen 2.92/turn                I - ring of the Morning {AC+4 Dex+2}
MPRegen 0.14/turn                d - ring of protection from fire

@: berserking, corroded, studying Stealth, drained, unable to drink, very quick
A: large, rugged brown scales 3, deformed body, armoured tail, roll, long
tongue, awkward tongue, horns 1, berserk 1, clumsy 1, screaming 1, evolution 1,
subdued magic 1, inability to drink after injury 1
a: Renounce Religion


You were on level 2 of the Orcish Mines.
You worshipped Xom.
You were a very special plaything of Xom.
You visited 3 branches of the dungeon, and saw 22 of its levels.
You also visited: Gauntlet.

You collected 2022 gold pieces.
You spent 503 gold pieces at shops.

Inventory:

Hand Weapons
 k - the +9 hand axe of the Wizarding Gods (weapon) {freeze, *Rage rC+ Int+2}
   (You found it on level 2 of the Dungeon)

   Int:       It affects your intelligence (+2).
   rC:        It protects you from cold.
   *Rage:     It berserks you when you make melee attacks (+20% chance).
 G - the +8 trident of Uskayaw's Castigation {flame, rCorr Int+2}
   (You found it on level 5 of the Lair of Beasts)

   Int:       It affects your intelligence (+2).
   rCorr:     It protects you from acid and corrosion.
 Y - a +0 demon trident of venom
Missiles
 p - 12 javelins
 t - 31 poisoned darts
 y - 5 atropa-tipped darts
 C - 3 curare-tipped darts (quivered)
Armour
 n - a +1 cloak (worn)
 o - a +2 barding of cold resistance (worn)
 E - a +0 buckler of cold resistance
 J - the +1 leather armour of the Hundredfold Suns {rElec rPois rC+ Regen+}
   (You found it on level 13 of the Dungeon)

   rC:        It protects you from cold.
   rElec:     It insulates you from electricity.
   rPois:     It protects you from poison.
   Regen:     It increases your rate of health regeneration.
 M - a +0 tower shield
 Q - the +8 chain mail of the Armadillo (worn) {rC+ Regen+ Int+4 Dex-5}
   (You took it off a minotaur in a Gauntlet)

   Int:       It affects your intelligence (+4).
   Dex:       It affects your dexterity (-5).
   rC:        It protects you from cold.
   Regen:     It increases your rate of health regeneration.
 U - a +1 pair of gloves (worn)
 V - the +3 hat of Time Monsters {Dex+5}
   (You found it in a Gauntlet)

   Dex:       It affects your dexterity (+5).
 X - a +0 buckler of fire resistance (worn)
 Z - the +1 hat "Piapt" (worn) {Harm Regen+ rCorr Int-5}
   (You found it in a Gauntlet)

   Int:       It affects your intelligence (-5).
   Regen:     It increases your rate of health regeneration.
   rCorr:     It protects you from acid and corrosion.
   Harm:      It increases damage dealt and taken.
Jewellery
 d - a ring of protection from fire (right hand)
 h - a ring of resist corrosion
 A - an amulet of regeneration (around neck)
 I - the ring of the Morning (left hand) {AC+4 Dex+2}
   (You found it on level 4 of the Lair of Beasts)

   [ring of protection]

   AC:        It affects your AC (+4).
   Dex:       It affects your dexterity (+2).
 K - a ring of see invisible
 R - a +6 ring of strength
 W - a ring of flight
Wands
 i - a wand of iceblast (2)
 u - a wand of flame (21)
 w - a wand of charming (4)
 x - a wand of quicksilver (12)
 z - a wand of digging (4)
Scrolls
 e - 11 scrolls of teleportation
 g - 4 scrolls of fog
 l - 4 scrolls of enchant weapon
 s - 2 scrolls of torment
 B - 2 scrolls of magic mapping
 F - 4 scrolls of identify
 P - 5 scrolls of blinking
Potions
 b - 4 potions of attraction
 f - a potion of ambrosia
 j - 4 potions of magic
 m - a potion of cancellation
 q - 2 potions of flight
 r - 3 potions of curing
 v - 3 potions of brilliance
 H - 4 potions of lignification
 N - 4 potions of haste
 S - 3 potions of resistance
 T - a potion of invisibility
Miscellaneous
 a - a phial of floods
 c - a piece from Xom's chessboard (15/15)
 D - a lightning rod (4/4)
 L - a tin of tremorstones (2/2)


   Skills:
 + Level 11.2 Fighting
 - Level 3.2 Long Blades
 - Level 11.7(12.6) Axes
 * Level 7.7(10.7) Polearms
 + Level 4.7 Throwing
 + Level 14.0 Armour
 - Level 8.3 Dodging
 + Level 11.1 Shields


You had 14 spell levels left.
You didn't know any spells.
Your spell library contained the following spells:

 Spells                   Type           Power      Damage    Failure   Level
 Apportation              Tloc           0%         N/A       85%         1
 Necrotise                Necr           0%         1d4       85%         1
 Shock                    Conj/Air       0%         1d3       85%         1
 Sting                    Tmut/Pois      0%         1d3       85%         1
 Summon Small Mammal      Summ           0%         N/A       85%         1
 Blink                    Tloc           0%         N/A       94%         2
 Poisonous Vapours        Pois/Air       0%         N/A       94%         2
 Static Discharge         Conj/Air       0%         2-2/arc   94%         2
 Gell's Gravitas          Tloc           0%         N/A       99%         3
 Swiftness                Air            0%         N/A       99%         3
 Teleport Other           Tloc           0%         N/A       99%         3
 Tukima's Dance           Hex            0%         N/A       99%         3
 Vhi's Electric Charge    Tloc/Air       0%         N/A       99%         3
 Airstrike                Air            0%         2d(0-16)  100%        4
 Manifold Assault         Tloc           0%         N/A       100%        4
 Olgreb's Toxic Radiance  Pois           0%         N/A       100%        4
 Passage of Golubria      Tloc           0%         N/A       100%        4
 Alistair's Intoxication  Tmut/Pois      0%         N/A       100%        5
 Arcjolt                  Conj/Air       0%         1d10      100%        5
 Lightning Bolt           Conj/Air       0%         1d11      100%        5
 Yara's Violent Unravell  Hex/Tmut       0%         3d3       100%        5
 Conjure Ball Lightning   Conj/Air       0%         3x3d6     100%        6
 Dispersal                Tloc           0%         N/A       100%        6
 Storm Form               Tmut/Air       0%         N/A       100%        7
 Discord                  Hex            0%         N/A       100%        8
 Disjunction              Tloc           0%         N/A       100%        8
 Maxwell's Capacitive Co  Air            0%         ∞         100%        8


Dungeon Overview and Level Annotations

Branches:
Dungeon (15/15)            Temple (0/1) D:6            Lair (5/5) D:9
  Swamp (0/4) Lair:3        Snake (0/4) Lair:2        Slime (0/5) Lair:4
    Orc (2/2) D:11            Elf (0/3) Orc:2        Vaults (0/5) D:13
 Depths (0/4) D:15        Gauntlet (visited)

Altars:
Ashenzari
Cheibriados
Dithmenos
Elyvilon
Trog
Xom
Zin
The Shining One

Shops:
D:11 *!*[   Orc:1 !(*

Annotations:
Lair:2 3 runed translucent doors, Gyitair's ghost, journeyman DDFi
Lair:5 Kirke


Innate Abilities, Weirdness & Mutations

You are completely covered in rugged brown scales. (AC +3, +7% HP)
Armour fits poorly on your strangely shaped body.
You have a long armoured tail.
You roll when moving toward enemies. (Rampage)
Your long tongue fully drains potion bottles. (2x potion effects)
Your tongue gives you trouble enunciating. (1.5x scroll delay)
You have a pair of small horns on your head.
You sometimes lose your temper in combat.
You are clumsy. (Dex -2)
You occasionally shout uncontrollably at your foes.
You have hidden genetic potential.
Your spells are a little easier to cast, but a little less powerful.
You occasionally lose the ability to drink potions when taking damage.


Message History

You hit the orc knight. You freeze the orc knight. You hit the orc sorcerer.
You freeze the orc sorcerer.
Your tail-slap misses the orc sorcerer.
The orc sorcerer is almost dead.
You hit the orc knight but do no damage.
You closely miss the orc sorcerer. Your headbutt misses the orc sorcerer.
The orc sorcerer is almost dead.
You hit the orc knight but do no damage.
The orc no longer looks unusually strong.
The orc priest invokes the aid of Beogh against you.
Beogh smites you!
The orc sorcerer hits you with a +0 dagger!
The orc knight hits you with a +0 battleaxe!
You hit the orc sorcerer but do no damage.
The orc sorcerer is almost dead.
You closely miss the orc knight. You hit the orc sorcerer.
You freeze the orc sorcerer. Your headbutt misses the orc sorcerer.
You tail-slap the orc sorcerer, but do no damage.
The orc sorcerer is almost dead.
You closely miss the orc knight.
The orc sorcerer no longer looks unusually strong.
The orc priest miscasts a cantrip.
The orc sorcerer gestures wildly while chanting.
The orc knight hits you with a +0 battleaxe!!
You feel threatened and lose the ability to drink potions!
* * * LOW HITPOINT WARNING * * *
You closely miss the orc sorcerer.
The orc sorcerer is almost dead.
You hit the orc knight but do no damage.
You barely miss the orc sorcerer.
You headbutt the orc sorcerer, but do no damage.
The orc sorcerer is almost dead.
You closely miss the orc knight.
The orc sorcerer points at you and mumbles some strange words.
The bolt of negative energy hits you!!!
You feel drained.
* * * LOW HITPOINT WARNING * * *
The orc knight hits you with a +0 battleaxe.
You die...
Xom howls with laughter!

..## ... ...##
...# ....# #..#
....# #..# ...#.#
#o.# ...... ##o4#
...... ##4o#
...... ##oo##
.....# ##.@##
........ ##.)##
.......... ##...#
..#...... #....#
........# ###..##
........###.....##
........#........#
...#...#.)..###.##
......#..).## ##


You could see an orc knight, an ice devil (summoned), a chaos spawn (summoned),
an orc sorcerer, 2 orc priests and an orc.

Vanquished Creatures
  An emperor scorpion (Lair:2)
  A stone giant (D:15)
  A minotaur (Gauntlet)
  An ettin (D:13)
  3 centaur warriors
  A merfolk avatar (Lair:5)
  A catoblepas (Lair:3)
  2 ogre magi (D:15)
  13 two-headed ogres
  5 hydras
  2 boulder beetles
  3 death yaks (Gauntlet)
  7 tengu warriors
  An orc high priest (Orc:1)
  A sun demon (Orc:2)
  3 skeletal warriors (D:14)
  3 sea snakes (Lair:5)
  An iron troll (D:13)
  A wizard (D:13)
  3 harpies (Lair:5)
  3 orc knights
  A necromancer (Gauntlet)
  2 deep elf pyromancers
  A will-o-the-wisp (Lair:3)
  15 ugly things
  An orc sorcerer (Orc:2)
  3 manticores
  5 cyclopes
  Maurice (D:9)
  6 black mambas
  A rust devil (Orc:2)
  9 elephants
  A black mamba (shapeshifter) (D:13)
  A gargoyle (D:12)
  9 cane toads
  2 rime drakes
  2 kobold demonologists (D:10)
  A freezing wraith (D:13)
  2 tengu conjurers
  9 komodo dragons
  A yaktaur (shapeshifter) (D:15)
  A troll (shapeshifter) (D:14)
  A tyrant leech (D:15)
  3 meliai (D:13)
  A wind drake (Lair:5)
  A polar bear (Lair:5)
  7 trolls
  A wolf spider simulacrum (D:15)
  Grinder (D:3)
  2 blink frogs (Lair:5)
  3 hornets
  2 dream sheep (shapeshifter)
  3 snapping turtles (Lair:5)
  3 shadows
  9 flying skulls (Gauntlet)
  4 hogs
  7 wyverns
  37 yaks
  2 basilisks (Lair:1)
  Grum (D:10)
  10 vampire mosquitoes
  3 steam dragons
  A harpy simulacrum (D:15)
  4 wargs
  A naga (Lair:2)
  5 acid dragons
  12 water moccasins
  A black bear (D:5)
  A swamp drake (D:8)
  2 ice beasts
  20 orc warriors
  A meliai simulacrum (D:15)
  15 ogres
  10 wolves
  18 centaurs
  4 kobold brigands
  7 bullfrogs
  2 gnoll sergeants (D:8)
  2 necrophages (D:5)
  A scorpion (shapeshifter) (Orc:2)
  4 scorpions
  7 wights
  4 killer bees (D:7)
  A howler monkey (D:10)
  4 electric eels (Lair:4)
  A hound (D:5)
  11 jellies
  17 orc priests
  4 iguanas
  14 orc wizards
  6 hell rats
  19 gnolls
  5 adders
  A white imp (D:6)
  4 ufetubi
  2 dart slugs (D:3)
  82 orcs
  A bat (D:1)
  8 endoplasms
  3 giant cockroaches
  7 goblins
  4 hobgoblins
  5 jackals
  13 kobolds
  3 quokkas
  7 ball pythons
  A frilled lizard (D:3)
  2 rats
579 creatures vanquished.

Vanquished Creatures (collateral kills)
  A boulder beetle (D:14)
1 creature vanquished.

Vanquished Creatures (others)
  2 orc priests (Orc:2)
  4 orcs
  A kobold (D:7)
  A goblin (D:7)
  3 demonic plants (Gauntlet)
  6 foxfires (Lair:3)
  37 fungi
  51 plants
105 creatures vanquished.

Grand Total: 685 creatures vanquished

Notes
Turn   | Place    | Note
-------+----------+-------------------------------------------
     0 | D:1      | wormed the Armataur Chaos Knight began the quest for the
                  | Orb.
     0 | D:1      | Reached XP level 1. HP: 19/19 MP: 1/1
    78 | D:1      | XOM: potion effect (might)
   142 | D:1      | XOM: divination: detect creatures
   149 | D:1      | Reached XP level 2. HP: 21/26 MP: 2/2
   238 | D:1      | Reached skill level 1 in Dodging
   264 | D:1      | XOM: 2-stop teleportation journey
   575 | D:2      | Reached XP level 3. HP: 21/32 MP: 3/3
   701 | D:2      | Identified the +9 hand axe of the Wizarding Gods {freeze,
                  | *Rage rC+ Int+2}
   842 | D:2      | XOM: give mutation
   842 | D:2      | Gained mutation: You occasionally lose the ability to drink
                  | potions when taking damage. [Xom's mischief]
  1236 | D:3      | Reached skill level 3 in Armour
  1325 | D:3      | Found a broken altar of Ashenzari.
  1369 | D:3      | Noticed Grinder
  1382 | D:3      | Killed Grinder
  1383 | D:3      | Reached XP level 4. HP: 15/40 MP: 4/4
  1383 | D:3      | Reached XP level 5. HP: 18/48 MP: 5/5
  1493 | D:3      | XOM: summons 3 hostile demons
  1592 | D:3      | XOM: summons 3 hostile demons
  1723 | D:3      | Found a snail-covered altar of Cheibriados.
  1876 | D:3      | XOM: summons 3 hostile demons
  2039 | D:4      | Identified the +2 war axe "Bipeets" {freeze, rF+ rC++ Str-5
                  | Stlth+}
  2061 | D:4      | XOM: 4-stop teleportation journey
  2208 | D:4      | Reached skill level 4 in Armour
  2208 | D:4      | Reached XP level 6. HP: 54/54 MP: 6/6
  2331 | D:4      | XOM: give mutation
  2331 | D:4      | Gained mutation: You are frail. (-10% HP) [Xom's mischief]
  2497 | D:5      | Entered Level 5 of the Dungeon
  2696 | D:5      | XOM: destruction
  2707 | D:5      | Reached XP level 7. HP: 57/57 MP: 7/7
  2766 | D:5      | XOM: potion effect (curing)
  2776 | D:5      | XOM: scenery: 2 doors open, 3 doors close
  3081 | D:5      | Reached skill level 5 in Armour
  3165 | D:5      | XOM: silly message
  3516 | D:6      | XOM: give mutations
  3516 | D:6      | Gained mutation: You are clumsy. (Dex -2) [Xom's mischief]
  3516 | D:6      | Gained mutation: You are weak. (Str -2) [Xom's mischief]
  3516 | D:6      | Lost mutation: You are frail. (-10% HP) [Xom's mischief]
  3634 | D:6      | XOM: scenery: summon butterflies
  3637 | D:6      | Reached XP level 8. HP: 59/71 MP: 8/8
  3648 | D:6      | XOM: give mutations
  3648 | D:6      | Gained mutation: You are resistant to electric shocks.
                  | (rElec) [Xom's grace]
  3648 | D:6      | Gained mutation: You are covered in fur. (AC +1) [Xom's
                  | grace]
  3648 | D:6      | Gained mutation: You have a pair of small horns on your
                  | head. [Xom's grace]
  3648 | D:6      | Gained mutation: Your tail ends in a venomous barb. [Xom's
                  | grace]
  3766 | D:6      | Found a bloodstained altar of Trog.
  3922 | D:6      | Found a staircase to the Ecumenical Temple.
  3977 | D:6      | XOM: god gift: 23 gold pieces
  4026 | D:6      | XOM: divination: detect items
  4235 | D:6      | Identified the +7 chain mail "Wairchacw" {rC- Regen+ Str-5
                  | Dex+8}
  4449 | D:6      | Reached skill level 5 in Axes
  4451 | D:6      | Reached skill level 5 in Fighting
  4451 | D:6      | Reached skill level 6 in Armour
  4636 | D:6      | XOM: summons 1 hostile demon
  4820 | D:2      | XOM: give mutations
  4820 | D:2      | Lost mutation: Your tail ends in a venomous barb. [Xom's
                  | mischief]
  4820 | D:2      | Lost mutation: You are resistant to electric shocks.
                  | (rElec) [Xom's mischief]
  4820 | D:2      | Lost mutation: You are covered in fur. (AC +1) [Xom's
                  | mischief]
  4975 | D:7      | XOM: polymorph orc wizard -> iguana
  4983 | D:7      | XOM: draining
  5146 | D:7      | XOM: blink monster(s)
  5249 | D:7      | Reached XP level 9. HP: 79/79 MP: 9/9
  5376 | D:7      | XOM is BORED!
  5425 | D:7      | Found a flagged portal.
  5928 | D:8      | XOM: enchant monster (bad)
  5930 | D:8      | Reached skill level 7 in Armour
  5993 | D:8      | XOM: polymorph gnoll sergeant -> swamp drake
  6161 | D:8      | XOM: summons 3 hostile shadow creatures
  6222 | D:8      | Found a glowing golden altar of the Shining One.
  6642 | D:8      | Reached skill level 1 in Shields
  6660 | D:8      | XOM: torment (41/80 hp)
  6846 | D:9      | XOM: give mutations
  6846 | D:9      | Gained mutation: You sometimes lose your temper in combat.
                  | [Xom's mischief]
  6846 | D:9      | Gained mutation: You have a pair of horns on your head.
                  | [Xom's mischief]
  6846 | D:9      | Gained mutation: You occasionally lose the ability to read
                  | scrolls when taking damage. [Xom's mischief]
  6846 | D:9      | Lost mutation: You sometimes lose your temper in combat.
                  | [Xom's mischief]
  6860 | D:9      | Found a staircase to the Lair.
  7175 | D:9      | Identified the +0 leather armour of the Curious Hells
                  | {Dex+5}
  7225 | D:9      | Noticed Maurice
  7255 | D:9      | Killed Maurice
  7256 | D:9      | Reached skill level 8 in Armour
  7256 | D:9      | Reached XP level 10. HP: 89/89 MP: 10/10
  7400 | D:9      | XOM: polymorph yak -> shapeshifter
  7406 | D:9      | Noticed a death drake
  7412 | D:9      | a death drake changed into an orb spider
  7412 | D:9      | Noticed an orb spider (shapeshifter)
  7452 | D:9      | XOM: 2-stop teleportation journey
  7471 | D:9      | Found a shadowy altar of Dithmenos.
  7472 | D:9      | Reached skill level 5 in Dodging
  7906 | D:10     | Entered Level 10 of the Dungeon
  7910 | D:10     | Noticed a two-headed ogre
  7940 | D:9      | XOM: draining
  7959 | D:9      | XOM: cloud trail
  8047 | Lair:1   | Entered Level 1 of the Lair of Beasts
  8124 | Lair:1   | XOM: enchant monster (good)
  8187 | D:9      | XOM: god gift: robe {god gift}
  8243 | D:10     | XOM: cast spell 'Leda's Liquefaction'
  8247 | D:10     | Killed a two-headed ogre
  8319 | D:10     | Noticed a rust devil
  8329 | D:10     | Noticed a rust devil
  8340 | D:10     | XOM: summons 2 friendly demons
  8341 | D:10     | XOM: noise
  8401 | Lair:1   | XOM: noise
  8413 | Lair:1   | XOM: summons 1 hostile shadow creature
  8487 | Lair:1   | Noticed a cane toad
  8492 | Lair:1   | Killed a cane toad
  8546 | Lair:1   | Noticed a black mamba
  8552 | Lair:1   | Killed a black mamba
  8606 | Lair:1   | XOM: give mutations
  8606 | Lair:1   | Lost mutation: You occasionally lose the ability to read
                  | scrolls when taking damage. [Xom's mischief]
  8606 | Lair:1   | Gained mutation: You are very weak. (Str -4) [Xom's
                  | mischief]
  8645 | Lair:1   | XOM: stat loss: -1 Dex (17/18)
  8668 | Lair:1   | Reached skill level 9 in Armour
  8754 | Lair:1   | Noticed a black mamba
  8754 | Lair:1   | XOM: 1-stop teleportation journey
  8761 | Lair:1   | Killed a black mamba
  8912 | Lair:1   | XOM: summons 1 hostile demon
  9350 | Lair:2   | Noticed a black mamba
  9359 | Lair:2   | Killed a black mamba
  9360 | Lair:2   | Reached XP level 11. HP: 98/98 MP: 11/11
  9460 | Lair:2   | Noticed a six-headed hydra
  9470 | Lair:2   | a six-headed hydra changed into an emperor scorpion
  9470 | Lair:2   | Noticed an emperor scorpion
  9470 | Lair:2   | XOM: polymorph six-headed hydra -> emperor scorpion
  9480 | Lair:2   | XOM: confusion
  9496 | Lair:2   | Killed an emperor scorpion
  9617 | D:6      | XOM: silly message
  9810 | Lair:2   | Found a dark tunnel.
  9818 | Lair:2   | XOM is BORED!
  9862 | Lair:2   | Found a runed translucent gate.
  9865 | Lair:2   | Found a runed translucent gate.
  9866 | Lair:2   | Found a runed translucent gate.
  9866 | Lair:2   | Noticed Gyitair's ghost (journeyman DDFi)
  9913 | Lair:2   | Reached skill level 5 in Shields
  9943 | Lair:2   | XOM: summons 6 hostile demons
 10106 | Lair:2   | Found a staircase to the Snake Pit.
 10138 | Lair:2   | XOM: give mutation
 10138 | Lair:2   | Gained mutation: You are dopey. (Int -2) [Xom's mischief]
 10333 | Lair:3   | Found a staircase to the Swamp.
 10504 | D:4      | XOM: cloud trail
 10990 | Lair:3   | Noticed a catoblepas
 11016 | Lair:3   | XOM: fog
 11025 | Lair:3   | Killed a catoblepas
 11026 | Lair:3   | Reached skill level 10 in Armour
 11156 | Lair:3   | XOM: scenery: summon butterflies
 11202 | Lair:3   | Paralysed by a hornet for 3 turns
 11365 | Lair:3   | XOM: confuse monster(s)
 11563 | Lair:3   | XOM: scenery: 3 fountains blood, 1 doors close
 11801 | Lair:3   | Identified the +2 sling of Collusion {flame, rElec rCorr
                  | Str+4 Int+4}
 12041 | Lair:4   | Noticed a five-headed hydra
 12121 | Lair:4   | Reached skill level 10 in Axes
 12121 | Lair:4   | Reached XP level 12. HP: 90/109 MP: 12/12
 12217 | Lair:3   | XOM: summons 1 hostile demon
 12402 | Lair:3   | XOM: noise
 12492 | Lair:3   | XOM: silly message
 12550 | Lair:4   | Noticed a seven-headed hydra
 12563 | Lair:4   | XOM: noise
 12928 | Lair:4   | XOM: enchant monster (good)
 13006 | Lair:4   | Noticed a seven-headed hydra
 13026 | Lair:4   | XOM: smoke on damage
 13029 | Lair:4   | Killed a seven-headed hydra
 13058 | Lair:4   | XOM: give mutations
 13058 | Lair:4   | Lost mutation: You are clumsy. (Dex -2) [Xom's grace]
 13058 | Lair:4   | Gained mutation: Your natural rate of healing is unusually
                  | fast. [Xom's grace]
 13058 | Lair:4   | Gained mutation: You have supernaturally acute eyesight.
                  | (SInv) [Xom's grace]
 13107 | Lair:4   | XOM: divination: magic mapping
 13151 | Lair:4   | XOM: divination: detect items
 13222 | Lair:4   | Noticed a seven-headed hydra
 13229 | Lair:4   | Killed a seven-headed hydra
 13310 | Lair:4   | Found a staircase to the Slime Pits.
 13417 | Lair:4   | XOM: silly message
 13527 | Lair:4   | Noticed an eight-headed hydra
 13732 | Lair:4   | Identified the ring of the Morning {AC+4 Dex+2}
 13802 | Lair:4   | Reached skill level 11 in Armour
 13964 | Lair:4   | Lost mutation: You are very weak. (Str -4) [potion of
                  | mutation]
 13964 | Lair:4   | Lost mutation: You are dopey. (Int -2) [potion of mutation]
 13964 | Lair:4   | Lost mutation: Your natural rate of healing is unusually
                  | fast. [potion of mutation]
 13964 | Lair:4   | Lost mutation: You have supernaturally acute eyesight.
                  | (SInv) [potion of mutation]
 13964 | Lair:4   | Gained mutation: Your system is resistant to poisons.
                  | (rPois) [potion of mutation]
 13964 | Lair:4   | Gained mutation: You are robust. (+10% HP) [potion of
                  | mutation]
 13964 | Lair:4   | Gained mutation: You are very weak. (Str -4) [potion of
                  | mutation]
 13964 | Lair:4   | Gained mutation: Your natural rate of healing is unusually
                  | fast. [potion of mutation]
 13964 | Lair:4   | Lost mutation: You occasionally lose the ability to drink
                  | potions when taking damage. [potion of mutation]
 13964 | Lair:4   | Gained mutation: You passively map a small area around you.
                  | [potion of mutation]
 13966 | Lair:5   | Entered Level 5 of the Lair of Beasts
 14002 | Lair:5   | Noticed a seven-headed hydra
 14006 | Lair:5   | XOM: enchant monster (good)
 14009 | Lair:5   | Killed a seven-headed hydra
 14083 | Lair:5   | XOM: confuse monster(s)
 14126 | Lair:5   | XOM: potion effect (brilliance)
 14200 | Lair:5   | XOM: silly message
 14207 | Lair:5   | XOM: silly message
 14254 | Lair:5   | Noticed a five-headed hydra
 14265 | Lair:5   | Killed a five-headed hydra
 14273 | Lair:5   | XOM: divination: detect items
 14292 | Lair:5   | Noticed a merfolk avatar
 14295 | Lair:5   | XOM: silly message
 14305 | Lair:5   | XOM: potion effect (brilliance)
 14313 | Lair:5   | Killed a merfolk avatar
 14537 | Lair:5   | Reached XP level 13. HP: 129/129 MP: 13/13
 14821 | Lair:5   | XOM: enchant monster (good)
 14881 | Lair:5   | XOM: confusion
 14884 | Lair:5   | XOM: enchant monster (bad)
 14921 | Lair:5   | XOM: 1-stop teleportation journey
 15157 | Lair:5   | XOM: enchant monster (bad)
 15158 | Lair:5   | XOM: scenery: summon butterflies
 15208 | Lair:5   | XOM: enchant monster (good)
 15244 | Lair:5   | Noticed Kirke
 15334 | Lair:5   | Noticed Kirke
 15334 | Lair:5   | XOM: polymorph something unseen -> Kirke the alligator
                  | snapping turtle
 15396 | Lair:4   | XOM: summons 7 hostile demons
 15491 | Lair:5   | XOM: blink monster(s)
 15550 | Lair:5   | Reached skill level 12 in Armour
 15620 | Lair:5   | XOM: give mutations
 15620 | Lair:5   | Lost mutation: You have a pair of horns on your head.
                  | [Xom's mischief]
 15620 | Lair:5   | Gained mutation: Your body sometimes deteriorates upon
                  | taking damage. [Xom's mischief]
 15620 | Lair:5   | Lost mutation: You passively map a small area around you.
                  | [Xom's mischief]
 15620 | Lair:5   | Lost mutation: Your natural rate of healing is unusually
                  | fast. [Xom's mischief]
 15651 | Lair:5   | XOM: give mutations
 15651 | Lair:5   | Gained mutation: You are dopey. (Int -2) [Xom's mischief]
 15651 | Lair:5   | Lost mutation: Your system is resistant to poisons. (rPois)
                  | [Xom's mischief]
 15666 | Lair:5   | XOM: give mutation
 15666 | Lair:5   | Lost mutation: You are robust. (+10% HP) [Xom's mischief]
 15740 | Lair:5   | Identified the +8 trident of Uskayaw's Castigation {flame,
                  | rCorr Int+2}
 15830 | Lair:5   | XOM is BORED!
 15830 | Lair:5   | XOM: stat loss: -2 Dex (20/22)
 16137 | D:9      | XOM: give mutations
 16137 | D:9      | Gained mutation: You occasionally shout uncontrollably at
                  | your foes. [Xom's mischief]
 16137 | D:9      | Gained mutation: You are clumsy. (Dex -2) [Xom's mischief]
 16161 | D:10     | XOM: enchant monster (bad)
 16175 | D:10     | Reached skill level 1 in Polearms
 16187 | D:10     | Noticed Grum
 16200 | D:10     | XOM: summons 2 friendly demons
 16203 | D:10     | XOM: 3-stop teleportation journey
 16266 | D:10     | XOM: give mutations
 16266 | D:10     | Lost mutation: You are clumsy. (Dex -2) [Xom's mischief]
 16266 | D:10     | Gained mutation: You are frail. (-10% HP) [Xom's mischief]
 16266 | D:10     | Lost mutation: You are frail. (-10% HP) [Xom's mischief]
 16266 | D:10     | Gained mutation: You occasionally lose the ability to drink
                  | potions when taking damage. [Xom's mischief]
 16308 | D:10     | Killed Grum
 16327 | D:10     | XOM: give mutations
 16327 | D:10     | Gained mutation: You are occasionally teleported next to
                  | monsters. [Xom's mischief]
 16327 | D:10     | Lost mutation: You are dopey. (Int -2) [Xom's mischief]
 16327 | D:10     | Lost mutation: Your body sometimes deteriorates upon taking
                  | damage. [Xom's mischief]
 16327 | D:10     | Gained mutation: Your spells are a little easier to cast,
                  | but a little less powerful. [Xom's mischief]
 16647 | D:10     | XOM: stat loss: -1 Str (10/11)
 16661 | D:11     | Found Karaewuo's Distillery.
 16677 | D:11     | XOM: enchant monster (bad)
 16731 | D:11     | Found Himiaru's Assorted Antiques.
 16731 | D:11     | Found Ritaepimn's Armour Boutique.
 16731 | D:11     | Found Olanupu's General Store.
 16731 | D:11     | XOM: 1-stop teleportation journey
 16749 | D:11     | XOM: repel stairs
 16760 | D:11     | XOM: enchant monster (bad)
 16781 | D:11     | XOM: enchant monster (bad)
 16885 | D:11     | XOM: 1-stop teleportation journey
 16908 | D:11     | Bought a runed cloak for 277 gold pieces
 16908 | D:11     | Bought a scroll of identify for 74 gold pieces
 17088 | D:11     | Found a staircase to the Orcish Mines.
 17291 | D:11     | Bought a scroll of identify for 28 gold pieces
 17291 | D:11     | Bought a scroll of identify for 28 gold pieces
 17327 | D:12     | Found a gate leading to a gauntlet.
 17340 | Gauntlet | Entered a Gauntlet
 17340 | Gauntlet | Found a transporter.
 17340 | Gauntlet | Found a transporter.
 17349 | Gauntlet | Found a transporter.
 17359 | Gauntlet | Found a transporter.
 17374 | Gauntlet | Found a transporter.
 17384 | Gauntlet | Found a transporter.
 17399 | Gauntlet | Found a transporter.
 17405 | Gauntlet | Found a transporter.
 17419 | Gauntlet | Found a transporter.
 17436 | Gauntlet | Found a transporter.
 17440 | Gauntlet | Found a transporter.
 17478 | Gauntlet | Found a transporter.
 17501 | Gauntlet | XOM: silly message
 17605 | Gauntlet | XOM: summons friendly shadow imp
 17625 | Gauntlet | Identified the +3 hat of Time Monsters {Dex+5}
 17639 | Gauntlet | XOM: give mutations
 17639 | Gauntlet | Lost mutation: You have a pair of small horns on your head.
                  | [Xom's mischief]
 17639 | Gauntlet | Lost mutation: You are very weak. (Str -4) [Xom's mischief]
 17639 | Gauntlet | Gained mutation: Your body sometimes deteriorates upon
                  | taking damage. [Xom's mischief]
 17639 | Gauntlet | Gained mutation: You are very weak. (Str -4) [Xom's
                  | mischief]
 17664 | Gauntlet | XOM: enchant monster (bad)
 17723 | Gauntlet | Identified the +8 chain mail of the Armadillo {rC+ Regen+
                  | Int+4 Dex-5}
 17723 | Gauntlet | Noticed a minotaur
 17723 | Gauntlet | XOM: noise
 17738 | Gauntlet | Killed a minotaur
 17764 | Gauntlet | Identified the +1 hat "Piapt" {Harm Regen+ rCorr Int-5}
 17911 | D:12     | XOM: confusion (+ monsters)
 18023 | D:12     | Reached skill level 10 in Fighting
 18036 | D:12     | XOM: stat loss: -1 Dex (8/9)
 18046 | D:12     | XOM: god gift: 2 atropa-tipped darts
 18122 | D:12     | XOM: stat loss: -1 Int (13/14)
 18137 | D:12     | Reached XP level 14. HP: 129/129 MP: 14/14
 18543 | D:12     | XOM: silly message
 18563 | D:12     | XOM: god gift: 3 atropa-tipped darts
 18786 | D:13     | XOM: chaos cloud
 18789 | D:13     | XOM: divination: detect creatures
 19012 | D:13     | Identified the +1 leather armour of the Hundredfold Suns
                  | {rElec rPois rC+ Regen+}
 19101 | D:13     | XOM: noise
 19122 | D:13     | Reached skill level 1 in Throwing
 19222 | D:13     | XOM: scenery: create altars
 19306 | D:13     | XOM: scenery: create altars
 19634 | D:13     | Reached skill level 13 in Armour
 19700 | D:13     | XOM: smoke on damage
 19753 | D:13     | Found a gate to the Vaults.
 19858 | D:14     | XOM: summons 3 friendly demons
 19878 | D:14     | Reached skill level 5 in Polearms
 19957 | D:14     | XOM: noise
 19965 | D:14     | Reached skill level 10 in Shields
 20008 | D:14     | XOM: cleaving
 20022 | D:14     | XOM: cast spell 'Summon Ice Beast'
 20155 | D:14     | XOM: 1-stop teleportation journey
 20189 | D:14     | XOM: god gift: scroll of teleportation
 20239 | D:14     | XOM: cleaving
 20306 | D:14     | XOM: confuse monster(s)
 20461 | D:14     | Found a white marble altar of Elyvilon.
 20463 | D:14     | Found a glowing golden altar of the Shining One.
 20475 | D:14     | Found a glowing silver altar of Zin.
 20542 | D:14     | XOM: 8-stop teleportation journey
 20643 | D:14     | XOM: summons 3 friendly demons
 20822 | D:15     | Entered Level 15 of the Dungeon
 21092 | D:15     | XOM: confusion (+ monsters)
 21111 | D:15     | XOM: destruction
 21136 | D:15     | XOM: blink monster(s)
 21144 | D:15     | XOM: swap monsters
 21283 | D:15     | XOM: enchant monster (bad)
 21313 | D:15     | XOM: stat loss: -1 Int (11/14)
 21314 | D:15     | XOM: chaos upgrade
 21315 | D:15     | XOM: polymorph tengu warrior -> tyrant leech
 21371 | D:15     | Paralysed by an ogre mage for 3 turns
 21372 | D:15     | XOM: chaos upgrade
 21380 | D:15     | XOM: swap monsters
 21440 | D:15     | Found a frozen archway.
 21443 | D:15     | XOM: silly message
 21458 | D:15     | XOM: stat loss: -1 Dex (4/9)
 21462 | D:15     | XOM: polymorph ice beast -> steam dragon
 21485 | D:15     | XOM: chaos upgrade
 21495 | D:15     | Reached XP level 15. HP: 116/136 MP: 15/15
 21518 | D:15     | XOM: 1-stop teleportation journey
 21866 | D:15     | XOM: silly message
 21974 | D:15     | Found a staircase to the Depths.
 22129 | Orc:1    | Entered Level 1 of the Orcish Mines
 22217 | Orc:1    | Found Tiocweblio's Weapon Emporium.
 22264 | Orc:1    | Found Peciecw's General Store.
 22264 | Orc:1    | XOM: confusion (+ monsters)
 22272 | Orc:1    | XOM: swap monsters
 22294 | Orc:1    | XOM: fog
 22297 | Orc:1    | XOM: noise
 22328 | Orc:1    | Found Rilupnyirph's Distillery.
 22338 | Orc:1    | Bought a potion of mutation for 96 gold pieces
 22338 | Orc:1    | Lost mutation: You are occasionally teleported next to
                  | monsters. [potion of mutation]
 22338 | Orc:1    | Lost mutation: Your body sometimes deteriorates upon taking
                  | damage. [potion of mutation]
 22338 | Orc:1    | Lost mutation: You are very weak. (Str -4) [potion of
                  | mutation]
 22338 | Orc:1    | Lost mutation: You are weak. (Str -2) [potion of mutation]
 22338 | Orc:1    | Gained mutation: You have a pair of small horns on your
                  | head. [potion of mutation]
 22338 | Orc:1    | Gained mutation: You sometimes lose your temper in combat.
                  | [potion of mutation]
 22338 | Orc:1    | Gained mutation: You are clumsy. (Dex -2) [potion of
                  | mutation]
 22338 | Orc:1    | Gained mutation: You have hidden genetic potential. [potion
                  | of mutation]
 22356 | Orc:1    | XOM: summons 3 hostile shadow creatures
 22580 | Orc:2    | Entered Level 2 of the Orcish Mines
 22580 | Orc:2    | Found a staircase to the Elven Halls.
 22582 | Orc:2    | XOM: polymorph orc warlord -> shapeshifter
 22716 | Orc:2    | Reached skill level 14 in Armour
 22989 | Orc:2    | XOM: silly message
 23051 | Orc:2    | XOM: fake destruction
 23056 | Orc:2    | XOM: torment (55/133 hp)
 23068 | Orc:2    | XOM: confusion
 23265 | Orc:2    | HP: 6/195 [orc sorcerer/bolt of negative energy (44)]
 23265 | Orc:2    | Slain by an orc knight

Illustrated notes

Levels and vault maps discovered:
D:1:      minmay_arrival_up_and_down, layout_rooms
D:2:      layout_loops_ring, nrook_mini_vaults, minmay_misc_feat_roman,
          serial_park_tiny_1
D:3:      layout_basic, ashenzari_conservatory_becter, cheibriados_altar_1,
          uniq_grinder
D:4:      layout_basic
D:5:      nicolae_cairo_tiling_very_big, layout_loops_ring, minmay_door_square
D:6:      layout_loops_corners, amcnicky_altar_gilded,
          minmay_temple_entry_ruins, grunt_ministairs_15, minmay_misc_feat_tower
D:7:      layout_loops_cross, lightli_bailey_entry_fortress, lemuel_flame_loot_1
D:8:      layout_cave_pods, mainiacjoe_overflow_six_doors_small
D:9:      layout_long_grid, nicolae_dithmenos_the_darkroom, lair_entry_dummy,
          kennysheep_pointless_box, minivault_26, uniq_maurice
D:10:     layout_big_octagon, uniq_grum
D:11:     layout_rooms, hiddenorc2_lemuel, serial_aquarium,
          aquarium_bridge_square [aquarium_subvault_wall,
          aquarium_subvault_bridge, aquarium_subvault_bridge,
          aquarium_subvault_wall], aquarium_bridge_long_separate
          [aquarium_subvault_balcony, aquarium_subvault_bridge,
          aquarium_subvault_bridge, aquarium_subvault_bridge,
          aquarium_subvault_bridge, aquarium_subvault_wall], aquarium_window_1,
          aquarium_window_3, aquarium_window_2, aquarium_view_2d,
          aquarium_view_2c, aquarium_pool_side, minmay_shop_grid_forest
D:12:     layout_stronghold, gauntlet_entry_generic
D:13:     layout_loops_ring, david_vaults_4
D:14:     layout_loops_ring, good_gods_temple_1
D:15:     grunt_enter_depths_snipers, layout_gridville,
          nicolae_figureground_pulse, serial_ice, serial_ice_g, serial_ice_j,
          serial_ice_d, serial_ice_n, portal_ice_cave_entry_ugly_swarm
Lair:1:   layout_small_grid, minivault_27
Lair:2:   layout_regular_city, guppyfry_snake_entry_island,
          ebering_ghost_rock_garden, nicolae_volcano_entry_lava_flow
Lair:3:   layout_cellular_growth, minmay_swamp_entry_wisps, grunt_megastairs_3
Lair:4:   layout_long_grid, minmay_slime_entry_jelly_boxes,
          serial_bayou_shore_a, serial_bayou_shore_b, lemuel_fruit_tree,
          grunt_megastairs_5, infiniplex_staircase_pool
Lair:5:   gammafunk_lair_ancient_temple, layout_regular_city,
          grunt_megastairs_1, serial_bayou_shore_b, uniq_kirke
Orc:1:    layout_caves, serial_shops, nicolae_shop_statue_plus, shop, shop
Orc:2:    pf_orc_diabolical, layout_caves

Skill      XL: |  1  2  3  4  5  6  7  8  9 10 11 12 13 14 15 |
---------------+----------------------------------------------+-----
Long Blades    | 3 |  3.2
Dodging        | 1 2 3 4 5 6 7 8 |  8.3
Fighting       | 3 4 5 6 7 8 9 10 11 | 11.2
Armour         | 3 4 5 6 8 9 10 11 12 13 14 | 14.0
Axes           | 2 3 4 5 7 8 10 11 | 11.7
Shields        | 2 4 6 8 9 10 11 | 11.1
Polearms       | 3 6 7 |  7.7
Throwing       | 3 4 |  4.7

Action                   |  1- 3 |  4- 6 |  7- 9 | 10-12 | 13-15 || total
-------------------------+-------+-------+-------+-------+-------++-------
Melee: Falchion          |    57 |       |       |       |       ||    57
       Tailslap          |    11 |     2 |    39 |    73 |   211 ||   336
       Hand axe          |    34 |    64 |   254 |   424 |   307 ||  1083
       Punch             |     1 |       |     2 |       |       ||     3
       Headbutt          |       |       |    36 |   123 |   109 ||   268
       War axe           |       |       |       |     7 |       ||     7
       Flail             |       |       |       |    29 |     5 ||    34
       Trident           |       |       |       |       |   985 ||   985
Throw: Javelin           |       |       |     5 |     2 |     2 ||     9
       Dart              |       |       |       |    12 |    39 ||    51
       Throwing net      |       |       |       |       |     3 ||     3
Evoke: Wand              |       |       |     2 |    12 |       ||    14
       Lightning rod     |       |       |       |     4 |     3 ||     7
       Tin of tremorston |       |       |       |       |     1 ||     1
       Piece from Xom's  |       |       |       |       |     1 ||     1
  Use: Scroll            |     5 |       |    10 |     8 |     6 ||    29
       Potion            |       |       |     1 |     6 |     7 ||    14
 Stab: Confused          |       |       |       |     3 |       ||     3
       Held in net/web   |       |       |       |       |     5 ||     5
       Paralysed         |       |       |       |       |     3 ||     3
       Sleeping          |       |       |       |       |     1 ||     1
       Petrified         |       |       |       |       |     2 ||     2
Armor: Leather armour    |    29 |    38 |       |       |    92 ||   159
       Ring mail         |       |    26 |    25 |       |       ||    51
       Skin              |       |     1 |       |    45 |       ||    46
       Chain mail        |       |       |    87 |   283 |   784 ||  1154
Dodge: Dodged            |    35 |    30 |    79 |    92 |   252 ||   488
Block: Buckler           |       |       |     4 |   119 |   331 ||   454

Table legend: (Time is in decaauts)
 A = Elapsed time spent in this place.
 B = Non-inter-level travel time spent in this place.
 C = Inter-level travel time spent in this place.
 D = Time resting spent in this place.
 E = Time spent auto-exploring this place.
 F = Levels seen in this place.
 G = Mean time per level.
                   A        B        C        D        E       F      G
               +--------+--------+--------+--------+--------+-----+--------+
         Total |  23859 |  21720 |   2139 |   2643 |  13213 |  23 | 1037.3 |
       Dungeon |  14514 |  13020 |   1494 |    863 |   8997 |  15 |  967.6 |
          Lair |   7772 |   7200 |    572 |   1739 |   3478 |   5 | 1554.4 |
  Orcish Mines |   1100 |   1028 |     72 |     24 |    564 |   2 |  550.0 |
      Gauntlet |    470 |    470 |      0 |     14 |    174 |   1 |  470.0 |
               +--------+--------+--------+--------+--------+-----+--------+

Top non-repeatable levels by time:
  Lair:5: 1944 daAuts
  Lair:3: 1919 daAuts
  Lair:4: 1699 daAuts
     D:9: 1592 daAuts
     D:6: 1524 daAuts
    D:15: 1196 daAuts
  Lair:2: 1118 daAuts
    D:12: 1108 daAuts
  Lair:1: 1091 daAuts
     D:8: 1050 daAuts
     D:5: 1014 daAuts
     D:7: 1004 daAuts
    D:14: 997 daAuts
    D:13: 924 daAuts
     D:3: 877 daAuts
